 Dungeon Crawl Stone Soup version 0.19-b1-5-gdc9fa9d (webtiles) character file.

15320 Kullungy the Basher (level 12, -5/111 HPs)
             Began as a Minotaur Fighter on Oct 31, 2016.
             Was a High Priest of the Shining One.
             Killed from afar by a rime drake (33 damage)
             ... with a flash freeze
             ... on level 3 of the Lair of Beasts.
             The game lasted 01:13:52 (9139 turns).

Kullungy the Basher (Minotaur Fighter)              Turns: 9139, Time: 01:13:53

Health: -5/111     AC: 16    Str: 26    XL:     12   Next: 0%
Magic:  11/11      EV: 11    Int:  5    God:    the Shining One [*****.]
Gold:   637        SH: 12    Dex: 10    Spells: 0 memorised, 11 levels left

rFire  . . .     SeeInvis .     W - +3 morningstar
rCold  . . .     Gourm    .     s - +0 plate armour
rNeg   + + .     Faith    .     c - +0 shield
rPois  .         Spirit   .     (helmet restricted)
rElec  .         Reflect  .     L - +0 cloak
rCorr  .         Harm     +     (no gloves)
MR     .....                    (no boots)
Stlth  ..........               e - amulet of harm
                                g - +4 ring of evasion
                                t - +1 ring of protection

@: exhausted, slowed, glowing, very slow
A: retaliatory headbutt, horns 2
a: Divine Shield, Cleansing Flame, Summon Divine Warrior, Renounce Religion


You were on level 3 of the Lair of Beasts.
You worshipped the Shining One.
The Shining One was extremely pleased with you.
You were full.

You visited 3 branches of the dungeon, and saw 13 of its levels.
You also visited: Ossuary.

You collected 637 gold pieces.

Inventory:

Hand Weapons
 a - a +1 war axe
 y - a +3 dagger of freezing
 E - a +0 dagger of electrocution
 G - a +0 quarterstaff of speed
 H - a +0 battleaxe
 P - a +0 hand crossbow
 V - a +3 mace
 W - a +3 morningstar (weapon)
Missiles
 l - 108 sling bullets
 m - 61 bolts
 x - 271 stones (quivered)
 B - 119 arrows
Armour
 c - a +0 shield (worn)
 s - a +0 plate armour (worn)
 L - a +0 cloak (worn)
 N - a +2 leather armour of cold resistance
Jewellery
 e - an amulet of harm (around neck)
 g - a +4 ring of evasion (right hand)
 i - an uncursed ring of fire
 k - an uncursed ring of protection from fire
 t - a +1 ring of protection (left hand)
Wands
 b - a wand of paralysis (17/24)
 I - a wand of teleportation (6/9)
 O - a wand of iceblast (1/15)
 Z - a wand of flame (19/48)
Scrolls
 h - 6 scrolls of amnesia
 q - 4 scrolls of magic mapping
 r - 5 scrolls of remove curse
 u - 8 scrolls of teleportation
 v - 7 scrolls of recharging
 z - a scroll of vulnerability {unknown}
 R - a scroll of enchant armour
 T - 4 scrolls of identify
 X - 2 scrolls of enchant weapon
Potions
 d - 2 potions of might
 j - 2 potions of agility
 o - a potion of cure mutation
 w - a potion of heal wounds
 A - a potion of brilliance
 C - 2 potions of cancellation
 D - a potion of haste {unknown}
 J - 2 potions of lignification
 Q - 2 potions of resistance
 U - a potion of berserk rage
 Y - a potion of flight
Books
 K - a book of Cantrips

   Spells                             Type                      Level
   a - Confusing Touch                Hexes                        1
   b - Animate Skeleton               Necromancy                   1
   c - Summon Small Mammal            Summoning                    1
   d - Apportation                    Translocation                1
Comestibles
 f - 3 bread rations
 n - 3 beef jerkies
 p - 10 fruits
 F - a meat ration
 M - a royal jelly


   Skills:
 * Level 11.6 Fighting
 + Level 3.8 Short Blades
 - Level 6.5(10.9) Axes
 + Level 13.4(13.9) Maces & Flails
 + Level 9.1 Armour
 + Level 3.1 Dodging
 + Level 0.6 Stealth
 + Level 10.2 Shields


You had 11 spell levels left.
You didn't know any spells.

Dungeon Overview and Level Annotations

Branches:
Dungeon (9/15)             Temple (1/1) D:6            Lair (3/6) D:8
 Spider (0/4) Lair:2          Orc (0/2) D:9
  Swamp: Lair:2-4    Shoals: Lair:2-4

Altars:
Ashenzari
Cheibriados
Dithmenos
Elyvilon
Fedhas
Gozag
Hepliaklqana
Kikubaaqudgha
Makhleb
Nemelex Xobeh
Okawaru
Qazlal
Ru
Sif Muna
Trog
Uskayaw
Vehumet
Xom
Yredelemnul
Zin
The Shining One
Lugonu

Shops:
D:8 [   D:9 [


Innate Abilities, Weirdness & Mutations

You reflexively headbutt those who attack you in melee.
You have a pair of horns on your head.


Message History

A worker ant comes into view.
You hit the worker ant. You headbutt the worker ant!
You kill the worker ant!
The rime drake bites you but does no damage.
You block the queen ant's attack.
The worker ant bites you but does no damage.
The rime drake bites you but does no damage.
You puncture the queen ant!
The queen ant is almost dead.
The worker ant bites you but does no damage.
The queen ant stings you but does no damage.
The rime drake bites you but does no damage.
You block the worker ant's attack. The queen ant stings you.
* * * LOW HITPOINT WARNING * * *
You hit the queen ant but do no damage.
You headbutt the queen ant, but do no damage.
The queen ant is almost dead.
The rime drake breathes ice at you. The flash freeze hits you!
You die...

.... #... #..... #
...... #...##....## #
......##.P#.#.....## #
......#..###.....#.#####
.........<..............
........................
........................
.......k†...............
.......@††..............
......#aa'#.......#..###
#.... #...##.....##.####
...# .a#..####.P#.....#
#. ..###... #.P#...... #
... ....#..##..... #...
...####....... ..#. .#..
###..... #.#.##


You could see a queen ant, a rime drake and 2 worker ants.

Vanquished Creatures
  3 hydras
  An orb spider (Lair:2)
  2 black mambas
  4 spiny frogs (Lair:1)
  A rime drake (Lair:2)
  Grinder (D:6)
  7 blink frogs (Lair:2)
  5 hippogriffs
  2 basilisks
  A shadow (D:7)
  17 yaks
  Grum (D:8)
  3 hungry ghosts
  5 soldier ants (Lair:3)
  2 porcupines
  7 water moccasins
  An ice beast (D:5)
  An orc warrior (D:6)
  A black bear (D:8)
  A necrophage (D:8)
  4 phantoms
  3 wolves (D:8)
  2 ogres
  3 centaurs
  A crocodile (Lair:2)
  2 elf zombies (Ossuary)
  9 bullfrogs
  A water moccasin zombie (D:7)
  A scorpion (D:9)
  3 wights (D:6)
  2 vampire bats (D:9)
  2 crimson imps (D:5)
  A centaur zombie (Ossuary)
  A bullfrog zombie (D:8)
  4 hounds
  2 human zombies (Ossuary)
  A jelly (D:9)
  An orc priest (D:5)
  An iguana (D:3)
  5 orc wizards
  19 worker ants
  A hound skeleton (D:8)
  2 mummies (Ossuary)
  A howler monkey zombie (D:6)
  10 adders
  A shadow imp (D:7)
  4 oozes
  2 adder zombies (Ossuary)
  An adder skeleton (D:8)
  A worm (D:2)
  A dart slug (D:5)
  5 leopard geckos
  16 orcs
  2 ball pythons
  6 bats
  3 bat skeletons (D:9)
  4 bat zombies (D:9)
  5 giant cockroaches
  4 goblins
  6 hobgoblins
  7 jackals
  4 quokkas
  3 frilled lizards
  6 hobgoblin zombies (Ossuary)
  2 jackal zombies (Ossuary)
  5 kobolds
  4 kobold zombies (Ossuary)
  A leopard gecko zombie (D:6)
  15 orc zombies (Ossuary)
  7 rats
  2 rat zombies (Ossuary)
  A demonic plant (Temple)
  A fungus (Lair:2)
  5 plants (Lair:2)
272 creatures vanquished.

Notes
Turn   | Place    | Note
-------+----------+-------------------------------------------
     0 | D:1      | Kullungy the Minotaur Fighter began the quest for the Orb.
     0 | D:1      | Reached XP level 1. HP: 19/19 MP: 0/0
   164 | D:1      | Reached XP level 2. HP: 27/27 MP: 1/1
   608 | D:2      | Found a glowing silver altar of Zin.
   736 | D:2      | Reached XP level 3. HP: 33/33 MP: 2/2
  1200 | D:3      | Reached XP level 4. HP: 40/41 MP: 3/3
  1217 | D:3      | Found a sacrificial altar of Ru.
  1262 | D:3      | Became a worshipper of Ru the Awakened
  1280 | D:3      | Found a glowing golden altar of the Shining One.
  1302 | D:3      | Fell from the grace of Ru
  1302 | D:3      | Became a worshipper of the Shining One
  1789 | D:3      | Found a shadowy altar of Dithmenos.
  1789 | D:3      | Found a bloodstained altar of Trog.
  2021 | D:4      | Noticed a phantom
  2045 | D:4      | Killed a phantom
  2045 | D:4      | Reached skill level 1 in Dodging
  2045 | D:4      | Reached XP level 5. HP: 37/47 MP: 4/4
  2060 | D:4      | Found a sparkling altar of Nemelex Xobeh.
  2613 | D:5      | Entered Level 5 of the Dungeon
  2641 | D:5      | Reached skill level 1 in Short Blades
  2723 | D:5      | Found an iron altar of Okawaru.
  2766 | D:5      | Found a sand-covered staircase.
  2774 | Ossuary  | Entered an ossuary
  2795 | Ossuary  | Reached XP level 6. HP: 50/53 MP: 5/5
  2807 | Ossuary  | Reached * piety under the Shining One
  2893 | Ossuary  | Reached ** piety under the Shining One
  2915 | Ossuary  | Reached skill level 5 in Shields
  2923 | Ossuary  | Reached skill level 5 in Armour
  2940 | Ossuary  | Reached *** piety under the Shining One
  3009 | Ossuary  | Reached skill level 5 in Fighting
  3009 | Ossuary  | Reached XP level 7. HP: 12/61 MP: 6/6
  3292 | D:5      | Found a radiant altar of Vehumet.
  3292 | D:5      | Found a burning altar of Makhleb.
  3510 | D:5      | Reached skill level 5 in Axes
  3681 | D:6      | Found a hazy altar of Hepliaklqana.
  3995 | D:6      | Reached XP level 8. HP: 58/68 MP: 7/7
  4052 | D:6      | Reached **** piety under the Shining One
  4084 | D:6      | Found a staircase to the Ecumenical Temple.
  4127 | D:6      | Noticed Grinder
  4138 | D:6      | Killed Grinder
  4138 | D:6      | Reached skill level 2 in Maces & Flails
  4268 | D:6      | Found a stormy altar of Qazlal.
  4373 | D:6      | Reached skill level 3 in Maces & Flails
  4508 | D:6      | Found a white marble altar of Elyvilon.
  4791 | D:7      | Noticed a hippogriff
  4794 | D:7      | Killed a hippogriff
  4794 | D:7      | Reached skill level 4 in Maces & Flails
  4794 | D:7      | Reached XP level 9. HP: 77/78 MP: 8/8
  4797 | D:7      | Reached skill level 5 in Maces & Flails
  5075 | D:7      | Reached skill level 6 in Maces & Flails
  5272 | D:7      | Gained mutation: You regenerate slowly when monsters are visible. [potion of mutation]
  5272 | D:7      | Gained mutation: Your system is resistant to poisons. (rPois) [potion of mutation]
  5424 | D:8      | Found a shattered altar of Ashenzari.
  5475 | D:8      | Found a staircase to the Lair.
  5478 | D:8      | Reached skill level 7 in Maces & Flails
  5512 | D:8      | Noticed a brown ugly thing
  5512 | D:8      | Noticed a komodo dragon
  5514 | D:8      | Noticed a hill giant
  5549 | D:8      | Reached skill level 8 in Maces & Flails
  5631 | D:8      | Noticed Grum
  5642 | D:8      | Killed Grum
  5664 | D:8      | Reached skill level 9 in Maces & Flails
  5689 | D:8      | Lost mutation: Your system is resistant to poisons. (rPois) [potion of cure mutation]
  5689 | D:8      | Lost mutation: You regenerate slowly when monsters are visible. [potion of cure mutation]
  6146 | D:8      | Found Vaghyoz's Armour Shop.
  6395 | D:9      | Reached XP level 10. HP: 81/88 MP: 9/9
  6592 | D:9      | Found Luzeq's Antique Armour Boutique.
  6900 | D:9      | Found a staircase to the Orcish Mines.
  7155 | Temple   | Entered the Ecumenical Temple
  7402 | D:9      | Reached ***** piety under the Shining One
  7420 | D:9      | Found an ancient bone altar of Kikubaaqudgha.
  7673 | Lair:1   | Entered Level 1 of the Lair of Beasts
  7758 | Lair:1   | Noticed a spiny frog
  7767 | Lair:1   | Killed a spiny frog
  7812 | Lair:1   | Noticed a black mamba
  7822 | Lair:1   | Killed a black mamba
  7822 | Lair:1   | Reached skill level 10 in Maces & Flails
  7848 | Lair:1   | Noticed a spiny frog
  7850 | Lair:1   | Noticed a spiny frog
  7861 | Lair:1   | Killed a spiny frog
  7865 | Lair:1   | Killed a spiny frog
  8073 | Lair:1   | Noticed a six-headed hydra
  8079 | Lair:1   | Killed a six-headed hydra
  8079 | Lair:1   | Reached skill level 11 in Maces & Flails
  8097 | Lair:1   | Noticed a spiny frog
  8108 | Lair:1   | Killed a spiny frog
  8114 | Lair:1   | Reached XP level 11. HP: 36/97 MP: 10/10
  8135 | Lair:1   | Reached skill level 10 in Fighting
  8260 | Lair:2   | Reached skill level 12 in Maces & Flails
  8440 | Lair:2   | Found a hole to the Spider Nest.
  8440 | Lair:2   | Noticed an orb spider
  8458 | Lair:2   | Killed an orb spider
  8815 | Lair:3   | Noticed a four-headed hydra
  8823 | Lair:3   | Killed a four-headed hydra
  8823 | Lair:3   | Reached skill level 13 in Maces & Flails
  8823 | Lair:3   | Reached skill level 10 in Shields
  9092 | Lair:3   | Noticed a four-headed hydra
  9097 | Lair:3   | Killed a four-headed hydra
  9107 | Lair:3   | Noticed a queen ant
  9134 | Lair:3   | Reached XP level 12. HP: 36/110 MP: 11/11
  9139 | Lair:3   | Killed from afar by a rime drake

Skill      XL: |  1  2  3  4  5  6  7  8  9 10 11 |
---------------+----------------------------------+-----
Fighting       | 4 5 6 7 9 11 | 11.6
Shields        | 4 5 6 7 8 9 10 | 10.2
Axes           | 3 4 6 |  6.5
Armour         | 4 5 6 7 8 9 |  9.1
Dodging        | 1 2 3 |  3.1
Short Blades   | 1 2 3 |  3.8
Maces & Flails | 4 9 11 13 | 13.4
Stealth        | |  0.6

Action                   |  1- 3 |  4- 6 |  7- 9 | 10-12 || total
-------------------------+-------+-------+-------+-------++-------
Melee: War axe           |    71 |    30 |    84 |       ||   185
       Headbutt          |     8 |    41 |    33 |    61 ||   143
       Short sword       |       |   173 |       |       ||   173
       Morningstar       |       |       |   108 |   294 ||   402
  Use: Scroll            |     6 |     6 |     7 |     6 ||    25
       Potion            |       |     4 |     7 |     8 ||    19
  Eat: Bread ration      |       |     1 |     1 |     1 ||     3
       Meat ration       |       |     1 |     1 |     2 ||     4
       Pizza             |       |       |     1 |       ||     1
       Beef jerky        |       |       |     1 |       ||     1
       Fruit             |       |       |       |     1 ||     1
Armor: Scale mail        |    38 |    65 |    25 |       ||   128
       Plate armour      |       |       |    43 |   114 ||   157
Dodge: Dodged            |    22 |    62 |    90 |    90 ||   264
Block: Shield            |    45 |    92 |   107 |   169 ||   413
